 Dungeon Crawl Stone Soup version 0.29-a0-994-gc5c9f59d18 (webtiles) character file.

Game seed: 4635605993909564389

83 night the Shooter (level 4, 0/25 HPs)
             Began as a Tengu Arcane Marksman on Aug 3, 2022.
             Was a Follower of Nemelex Xobeh.
             Slain by a phantom (4 damage)
             ... on level 4 of the Dungeon.
             The game lasted 00:05:05 (3497 turns).

night the Shooter (Tengu Arcane Marksman)           Turns: 3497, Time: 00:05:05

Health: 0/25       AC:  2    Str: 10    XL:     4   Next: 44%
Magic:  6/6        EV: 12    Int: 13    God:    Nemelex Xobeh [*.....]
Gold:   160        SH:  0    Dex: 17    Spells: 4/5 levels left

rFire   . . .      SeeInvis .   a - +1 sling
rCold   . . .      Faith    .   (no shield)
rNeg    . . .      Spirit   .   c - +0 robe
rPois   .          Reflect  .   (helmet restricted)
rElec   .          Harm     .   (no cloak)
rCorr   .          Rampage  .   (no gloves)
Will    .....                   (boots unavailable)
Stlth   ++........              (no amulet)
HPRegen 0.08/turn               (no ring)
MPRegen 0.10/turn               (no ring)

@: no status effects
A: beak, talons 3
a: Renounce Religion, Draw Escape, Draw Destruction, Draw Summoning


You were on level 4 of the Dungeon.
You worshipped Nemelex Xobeh.
Nemelex Xobeh was aware of your devotion.
You visited 1 branch of the dungeon, and saw 4 of its levels.

You collected 160 gold pieces.

Inventory:

Hand Weapons
 a - a +1 sling (weapon)
Missiles
 d - 20 poisoned darts
 r - 9 stones
Armour
 c - a +0 robe (worn)
Jewellery
 x - a +6 ring of dexterity
Scrolls
 b - 3 scrolls of vulnerability
 e - a scroll of identify {unknown}
 f - a scroll of magic mapping {unknown}
 g - a scroll of amnesia {unknown}
 h - a scroll of poison {unknown}
 i - a scroll of fear {unknown}
 l - a scroll of enchant armour {unknown}
 o - 2 scrolls of teleportation {unknown}
 s - a scroll of silence {unknown}
 v - 2 scrolls of blinking {unknown}
Potions
 j - a potion of might {unknown}
 k - 3 potions of curing {unknown}
 m - a potion of berserk rage {unknown}
 n - 2 potions of flight {unknown}
 p - a potion of lignification {unknown}
 q - a potion of mutation {unknown}
 t - 3 potions of degeneration {unknown}
 u - a potion of ambrosia {unknown}
 w - 2 potions of attraction {unknown}


   Skills:
 - Level 1.0 Fighting
 + Level 3.6 Ranged Weapons
 - Level 2.1 Dodging
 - Level 1.0 Spellcasting
 + Level 3.0 Hexes
 + Level 1.0 Invocations


You had 4 spell levels left.
You knew the following spells:

 Your Spells              Type           Power      Damage    Failure   Level
a - Slow                  Hex            32%        N/A       9%          1

Your spell library contained the following spells:

 Spells                   Type           Power      Damage    Failure   Level
 Tukima's Dance           Hex            8%         N/A       24%         3
 Apportation              Tloc           0%         N/A       28%         1
 Necrotise                Necr           0%         1d4       28%         1
 Summon Small Mammal      Summ           0%         N/A       28%         1
 Inner Flame              Hex/Fire       4%         N/A       41%         3
 Portal Projectile        Hex/Tloc       8%         N/A       41%         3
 Cause Fear               Hex            4%         N/A       63%         4
 Passage of Golubria      Tloc           0%         N/A       95%         4
 Yara's Violent Unravell  Hex/Tmut       2%         3d3       99%         5


Dungeon Overview and Level Annotations

Branches:
Dungeon (4/15)
 Temple: D:4-7

Altars:
Nemelex Xobeh

Shops:
D:2 *

Annotations:
D:2 Sigmund


Innate Abilities, Weirdness & Mutations

You have a beak for a mouth.
You have claws for feet.


Message History

The phantom attacks as you move away! The phantom hits you.
You aren't carrying any items that you can evoke.
You draw a card...
You have drawn Pain.
Press: ? - help, Shift-Dir - straight line, f/p - phantom
Aim: a phantom (lightly damaged)
The endoplasm convulses!
The endoplasm barely misses you.
You draw a card...
You have drawn Vitriol.
Press: ? - help, Shift-Dir - straight line, f/p - phantom
Aim: a phantom (lightly damaged)
The bolt of acid hits the endoplasm.
The endoplasm completely resists.
The endoplasm is moderately wounded.
The bolt of acid hits the phantom!
The phantom is severely damaged.
The endoplasm misses you.
You shoot a sling bullet. The sling bullet hits the endoplasm.
You kill the endoplasm!
You shoot a sling bullet. The sling bullet hits the phantom.
The phantom is almost destroyed.
The phantom barely misses you.
You shoot a sling bullet.
The sling bullet barely misses the phantom.
A goblin comes into view. It is wielding a +0 dagger.
The phantom hits you. x2
* * * LOW HITPOINT WARNING * * *
The phantom blinks!
You blink.
You are too injured to fight recklessly!
You are too injured to fight recklessly!
Fire: a) +1 sling
Press: ? - help, Q - select action, (/) - cycle Shift-Dir - straight line, f/p - phantom
Aim: a phantom (almost destroyed, 48% to hit)
You shoot a sling bullet.
The sling bullet closely misses the phantom.
The goblin shouts!
The goblin hits you with a +0 dagger.
* * * LOW HITPOINT WARNING * * *
The phantom hits you.
You die...
Your body glows slightly and disappears.

#..# # #.# #..# .
##.###..#
####.##...##..######
........<:ยงยง......#
#..#.....##.####.#
#........##.####.#####
###............<........
......g@...##.##....####
###.....W####.##.##.#
#..#...# #.##.# .# #.
##### #.##.# .# # #.# .#
#.# .# #.# .# ...


You could see a phantom and a goblin.

Vanquished Creatures
  An orc wizard (D:3)
  An adder (D:2)
  A dart slug (D:2)
  2 orcs (D:3)
  8 endoplasms
  5 giant cockroaches
  6 goblins
  2 hobgoblins
  3 jackals (D:3)
  2 ball pythons (D:3)
  2 bats
  5 kobolds
  3 rats
41 creatures vanquished.

Notes
Turn   | Place    | Note
-------+----------+-------------------------------------------
     0 | D:1      | night the Tengu Arcane Marksman began the quest for the
                  | Orb.
     0 | D:1      | Reached XP level 1. HP: 12/12 MP: 3/3
   616 | D:1      | Reached XP level 2. HP: 16/16 MP: 4/4
  1002 | D:2      | Reached XP level 3. HP: 13/20 MP: 2/5
  1387 | D:2      | Found a sparkling altar of Nemelex Xobeh.
  1389 | D:2      | Found Edetaug's Assorted Antiques.
  1400 | D:2      | Became a worshipper of Nemelex Xobeh the Trickster
  2025 | D:2      | Found a faded altar of an unknown god.
  2067 | D:3      | Noticed Sigmund
  2683 | D:3      | Reached * piety under Nemelex Xobeh
  2683 | D:3      | Received a gift from Nemelex Xobeh
  3044 | D:3      | HP: 3/20 [something/magic dart (4)]
  3052 | D:3      | HP: 1/20 [something/magic dart (8)]
  3060 | D:3      | Reached XP level 4. HP: 16/25 MP: 6/6
  3195 | D:3      | Reached skill level 1 in Invocations
  3484 | D:4      | Noticed a phantom
  3497 | D:4      | Slain by a phantom

Illustrated notes

Levels and vault maps discovered:
D:1:      lightli_arrival_maybe_door_vault, layout_basic
D:2:      layout_basic, basic_altar, serial_shops, shop,
          ebering_ecumenical_altar_hall
D:3:      layout_basic, skrybe_limestone_x, kennysheep_decorative_pillar,
          dk_vineyard_1, nicolae_figureground_pulse, uniq_sigmund
D:4:      layout_loops_ring, gammafunk_ghost_mausoleum, uniq_grinder,
          uniq_edmund, uniq_pikel, uniq_ijyb

Skill      XL: |  1  2  3  4 |
---------------+-------------+-----
Ranged Weapons | 3 |  3.6
Hexes          | 3 |  3.0
Invocations    | 1 |  1.0
Fighting       | |  1.0
Dodging        | |  2.1
Spellcasting   | |  1.0

Action                   |  1- 3 |  4- 6 || total
-------------------------+-------+-------++-------
 Fire: Sling             |   116 |    19 ||   135
Throw: Dart              |     4 |       ||     4
 Cast: Slow              |     9 |       ||     9
Invok: Draw Destruction  |       |     2 ||     2
  Use: Potion            |     2 |       ||     2
Armor: Robe              |     6 |       ||     6
Dodge: Dodged            |    26 |     4 ||    30

Table legend: (Time is in decaauts)
 A = Elapsed time spent in this place.
 B = Non-inter-level travel time spent in this place.
 C = Inter-level travel time spent in this place.
 D = Time resting spent in this place.
 E = Time spent auto-exploring this place.
 F = Levels seen in this place.
 G = Mean time per level.
                   A        B        C        D        E       F      G
               +--------+--------+--------+--------+--------+-----+--------+
         Total |   3531 |   3436 |     95 |    422 |   2639 |   4 |  882.8 |
       Dungeon |   3531 |   3436 |     95 |    422 |   2639 |   4 |  882.8 |
               +--------+--------+--------+--------+--------+-----+--------+

Top non-repeatable levels by time:
     D:2: 1324 daAuts
     D:3: 1169 daAuts
     D:1: 1001 daAuts
     D:4: 35 daAuts
